octocock, lawful female human Valkyrie -- ---- -.--- |..| ...| ----- ..-- ...-- |...| -..| ...-- |...--- ------ |.>-- -....| --....)---- ---- ---....---...----...- |.........--- ---..|----*.........*..|.....| --...---.)..---|....||.....---.(..))........--- -------......--...----<---- --...............| |..........|)------ --I.............--- --...).-.--|...-- ---................| --....).| ---..--------.....|.......^....-- ---....--- -.........)....---............| ---|......| |...------...---- --..........-- |..|I--.--- --.-- |..-- ----......-- |.......| --- ---- --...*.| --....--- --...-- .......| ----- ---.|.-- ----- octocock the Skirmisher Experience level: 5 Strength: 14 Dexterity: 11 Constitution: 18 Intelligence: 12 Wisdom: 9 Charisma: 10 Health: 0(46) Energy: 10(10) Def: 6 Gold: 78 Moves: 1852 Dungeon seed: Dv14mTRHV4tTiwNt Game ID: octocock_1491390264 Your Inventory: Coins $ - 78 gold pieces Weapons a - a +1 long sword (weapon in hand) b - a +0 dagger j - a +0 bow o - a +0 crossbow (alternate weapon; not wielded) p - 11 +0 crossbow bolts (in quiver) Armor e - an uncursed burnt +3 small shield (being worn) n - an uncursed +0 studded leather armor (being worn) Comestibles c - 3 uncursed food rations h - 2 uncursed cream pies Scrolls d - an uncursed scroll of identify i - an uncursed scroll of remove curse Potions m - an uncursed potion of restore ability Rings k - a cursed ring of polymorph Tools g - a fire horn (0:8) l - an uncursed credit card Spells and supernatural/magical abilities: Name Level Category Fail Memory W - pray for help -- divine ? -- Your skills at the end: Fighting Skills Weapon Skills dagger [Basic] long sword [Basic] Spellcasting Skills Final Attributes: You were piously aligned. You were cold resistant. You were blinded. You were stealthy. You are dead. Vanquished creatures: a gnome king a bugbear a yellow light 4 gnome lords a red naga hatchling 2 kobold lords a giant bat a dwarf zombie an iguana an acid blob a hobbit 2 manes a large kobold a red mold 23 gnomes 2 garter snakes 2 geckos 9 jackals a fox a kobold a goblin 2 sewer rats 3 grid bugs 3 lichens a kobold zombie a newt 68 creatures vanquished. Voluntary challenges: You were an atheist. You used a wielded weapon 60 times, starting on turn 19. You were illiterate. You never genocided any monsters. You never polymorphed an object. You never changed form. You used no wishes. You never split a pudding. You never wrote Elbereth's name. You never violated your personal moral code. Dungeon overview: The Dungeons of Doom: levels 1 to 2 Level 1 a long staircase Level 2 an armor shop stairs to The Gnomish Mines The Gnomish Mines: levels 3 to 5 Level 3 stairs to The Dungeons of Doom Level 4 Level 5 <- You were here History has recorded: On T:1 you entered the Dungeons of Doom to retrieve the Amulet of Yendor! On T:307 you reached level 2 of The Dungeons of Doom. On T:762 you reached level 1 of The Gnomish Mines. On T:776 you advanced to experience level 2. On T:780 you advanced to experience level 3. On T:982 you advanced to experience level 4. On T:1376 you reached level 2 of The Gnomish Mines. On T:1455 you advanced to experience level 5. On T:1662 you reached level 3 of The Gnomish Mines. Score breakdown: Gold: 78 ( 6455 points) Experience: 5 levels (11141 points) Exploration: 5 levels ( 10.87%) ( 8944 points) Discoveries: 3 items ( 1.22%) ( 3312 points) Valuables value: (no points given unless you survive) Artifact value: 0 ( 0 points) Variety of kills: 26 monsters ( 6.82%) ( 7836 points) Turncount: 1852 turns ( 0 points) Survival: died (score multiplied by 80%) Total score: 30150 Latest messages: You hear some noises in the distance. You sense a monster nearby! It bites! You kill it! You hear some noises. You sense a monster nearby! It misses. You miss it. It hits! You feel more confident in your weapon skills. You hit it. It hits! You try to feel what is lying here on the floor. You feel here an elven dagger. You try to feel what is lying here on the floor. You feel here an aklys. You try to feel what is lying here on the floor. You feel here an arrow. It hits! You miss it. It hits! You die... Final status: Farvel octocock the Valkyrie, killed by a wererat... You died in The Gnomish Mines on dungeon level 5 with 30150 points, and 78 pieces of gold, after 1852 moves. You were level 5 with a maximum of 46 hit points when you died.